 Dungeon Crawl Stone Soup version 0.30-a0-989-g0d87f670db (webtiles) character file.

Game seed: 12243925302572419250

357 mopl the Sneak (level 6, -3/39 HPs)
             Began as an Octopode Reaver on Apr 3, 2023.
             Slain by a black bear (4 damage)
             ... on level 4 of the Dungeon.
             The game lasted 00:02:47 (1945 turns).

mopl the Sneak (Octopode Reaver)                    Turns: 1945, Time: 00:02:49

Health: -3/39      AC:  1    Str: 12    XL:     6   Next: 64%
Magic:  11/11      EV: 13    Int: 17    God:
Gold:   159        SH:  0    Dex: 10    Spells: 11/12 levels left

rFire   . . .      SeeInvis +    a - +2 short sword (drain)
rCold   . . .      Faith    .    (no shield)
rNeg    . . .      Spirit   .    (helmet restricted)
rPois   .          Reflect  .    (no amulet)
rElec   .          Rampage  .    g - ring of see invisible
rCorr   .                        i - +4 ring of protection
Will    .....                    (no ring)
Stlth   ++++                     (no ring)
HPRegen 0.26/turn                (no ring)
MPRegen 0.12/turn                (no ring)
                                 (no ring)
                                 (no ring)

@: corroded
A: almost no armour, amphibious, 8 rings, camouflage 1, gelatinous body 1,
(nimble swimmer 1), tentacles
a: no special abilities


You were on level 4 of the Dungeon.
You visited 1 branch of the dungeon, and saw 4 of its levels.

You collected 159 gold pieces.

Inventory:

Hand Weapons
 a - a +2 short sword of draining (weapon)
Magical Staves
 f - a staff of poison
Jewellery
 g - a ring of see invisible (left tentacle)
 i - a +4 ring of protection (right tentacle)
Wands
 l - a wand of roots (10)
 p - a wand of polymorph (1)
Scrolls
 b - a scroll of teleportation {unknown}
 c - a scroll of enchant armour {unknown}
 d - 3 scrolls of identify {unknown}
 h - a scroll of amnesia {unknown}
Potions
 e - a potion of haste {unknown}
 j - a potion of degeneration {unknown}
 k - 2 potions of curing {unknown}
 m - a potion of ambrosia {unknown}
 n - a potion of flight {unknown}
 o - a potion of might {unknown}


   Skills:
 - Level 2.0 Fighting
 - Level 3.0 Short Blades
 - Level 2.0 Dodging
 + Level 5.1 Stealth
 + Level 3.9 Spellcasting
 + Level 4.8 Conjurations


You had 11 spell levels left.
You knew the following spells:

 Your Spells              Type           Power      Damage    Failure   Level
a - Kiss of Death         Conj/Necr      44%        2d8       6%          1

Your spell library contained the following spells:

 Spells                   Type           Power      Damage    Failure   Level
 Momentum Strike          Conj/Tloc      22%        3d8       9%          2
 Beastly Appendage        Tmut           6%         N/A       16%         1
 Hailstorm                Conj/Ice       11%        3d5       19%         3
 Wereblood                Tmut           3%         N/A       24%         2
 Spider Form              Tmut/Pois      3%         N/A       43%         3


Dungeon Overview and Level Annotations

Branches:
Dungeon (4/15)
 Temple: D:4-7

Altars:

Shops:
D:1 [


Innate Abilities, Weirdness & Mutations

You cannot wear most types of armour.
You are amphibious.
You can wear up to eight rings at the same time.
Your skin changes colour to match your surroundings (Stealth+).
Your rubbery body absorbs attacks. (AC +1, EV +1)
((You are camouflaged when in or above water. (Stealth+)))
You have tentacles for arms and can constrict up to eight enemies at once.


Message History

You hit the jelly.
Your tentacles burn!
The jelly is lightly wounded.
You hit the jelly. You drain the jelly.
Your tentacles burn!
The jelly is moderately wounded.
The jelly hits you but does no damage.
You hit the jelly.
Your tentacles burn!
You squeeze the jelly!
The jelly is heavily wounded.
The jelly hits you but does no damage.
You hit the jelly. You drain the jelly.
Your tentacles burn!
The jelly is severely wounded.
The black bear barely misses you.
The black bear claws you but does no damage.
The black bear misses you. The jelly completely misses you.
You hit the jelly. You drain the jelly. The acid corrodes you!
Your tentacles burn!
The jelly is almost dead.
The black bear bites you. The black bear claws you. x2
The jelly hits you but does no damage.
You are too injured to fight recklessly!
Unknown command.
You hit the jelly. You drain the jelly.
Your tentacles burn!
The jelly is almost dead.
The black bear completely misses you. The black bear barely misses you.
The black bear claws you but does no damage.
The jelly closely misses you.
You hit the jelly.
You kill the jelly!
Your Stealth skill increases to level 5!
You closely miss the black bear. You grab the black bear.
You constrict the black bear. The black bear bites you!
* * * LOW HITPOINT WARNING * * *
The black bear barely misses you. The black bear closely misses you.
You hit the black bear. You drain the black bear.
You tentacle-slap the black bear, but do no damage.
You squeeze the black bear!
The black bear is heavily wounded.
You constrict the black bear. The black bear bites you!
* * * LOW HITPOINT WARNING * * *
The black bear claws you.
You die...

##### ### ###+##
#######...###.####≈≈.≈≈
#...............#≈≈≈.≈≈
#.!.......###..##≈≈≈.≈≈
#.....@##.# #.......♣..
#.....h##.# #..##≈≈≈.≈≈
#......##.# #####≈≈≈.≈≈
#......##.# ##≈≈.≈≈
#.......... ###.##
#####^..... ....# #...
.. ##...# #.... #.###
..


You could see a black bear (drained).

Vanquished Creatures
  An ogre (D:4)
  A scorpion (D:4)
  A jelly (D:4)
  A hound (D:3)
  4 adders
  An ufetubus (D:4)
  A worm (D:2)
  3 dart slugs
  4 orcs
  7 ball pythons
  6 bats
  6 endoplasms
  5 giant cockroaches
  4 goblins
  7 hobgoblins
  6 jackals
  A quokka (D:1)
  2 frilled lizards
  8 kobolds
  9 rats
78 creatures vanquished.

Notes
Turn   | Place    | Note
-------+----------+-------------------------------------------
     0 | D:1      | mopl the Octopode Reaver began the quest for the Orb.
     0 | D:1      | Reached XP level 1. HP: 14/14 MP: 3/3
    88 | D:1      | Reached skill level 1 in Stealth
   130 | D:1      | Reached XP level 2. HP: 19/19 MP: 5/5
   199 | D:1      | Found Rol Qeng's Armour Boutique.
   313 | D:1      | Reached skill level 2 in Stealth
   314 | D:1      | Reached XP level 3. HP: 18/24 MP: 6/6
   700 | D:2      | Reached XP level 4. HP: 26/29 MP: 6/8
   874 | D:2      | Found a faded altar of an unknown god.
  1165 | D:3      | Reached skill level 3 in Stealth
  1257 | D:3      | Reached skill level 3 in Spellcasting
  1423 | D:3      | Reached skill level 4 in Conjurations
  1423 | D:3      | Reached XP level 5. HP: 18/27 MP: 9/9
  1762 | D:4      | Reached skill level 4 in Stealth
  1785 | D:4      | Noticed an ogre
  1809 | D:4      | Killed an ogre
  1810 | D:4      | Reached XP level 6. HP: 35/39 MP: 11/11
  1935 | D:4      | Noticed a black bear
  1944 | D:4      | Reached skill level 5 in Stealth
  1945 | D:4      | HP: 1/39 [black bear (7)]
  1945 | D:4      | Slain by a black bear

Illustrated notes

Levels and vault maps discovered:
D:1:      wander_arrival_peaceful_grave, layout_basic, serial_shops,
          nicolae_square_shop
D:2:      layout_basic, nicolae_ecumenical_snake_handling,
          kennysheep_cluttered_room, uniq_crazy_yiuf_cottage
D:3:      layout_loops_ring
D:4:      layout_basic, dk_vineyard_1, kennysheep_donut,
          minmay_misc_feat_columns, hex_medium, kennysheep_flooded_box,
          kennysheep_another_room, serial_bayou_pond_b

Skill      XL: |  1  2  3  4  5  6 |
---------------+-------------------+-----
Stealth        | 1 2 3 4 5 |  5.1
Spellcasting   | 3 |  3.9
Conjurations   | 4 |  4.8
Fighting       | |  2.0
Short Blades   | |  3.0
Dodging        | |  2.0

Action                     |  1- 3 |  4- 6 || total
---------------------------+-------+-------++-------
  Melee: Short sword       |    88 |    87 ||   175
         Constrict         |    29 |    14 ||    43
         Tentacles         |    17 |    10 ||    27
         Punch             |     3 |     3 ||     6
   Cast: Kiss of Death     |       |     2 ||     2
  Evoke: Wand              |       |     2 ||     2
   Stab: Sleeping          |     7 |     6 ||    13
 Armour: Skin              |    20 |    27 ||    47
  Dodge: Dodged            |    65 |    54 ||   119

Table legend: (Time is in decaauts)
 A = Elapsed time spent in this place.
 B = Non-inter-level travel time spent in this place.
 C = Inter-level travel time spent in this place.
 D = Time resting spent in this place.
 E = Time spent auto-exploring this place.
 F = Levels seen in this place.
 G = Mean time per level.
                   A        B        C        D        E       F      G
               +--------+--------+--------+--------+--------+-----+--------+
         Total |   1916 |   1790 |    126 |      0 |   1351 |   4 |  479.0 |
       Dungeon |   1916 |   1790 |    126 |      0 |   1351 |   4 |  479.0 |
               +--------+--------+--------+--------+--------+-----+--------+

Top non-repeatable levels by time:
     D:3: 638 daAuts
     D:1: 558 daAuts
     D:2: 470 daAuts
     D:4: 247 daAuts
